 Dungeon Sprint DCSS version 0.19.4 (webtiles) character file.

14 TryAgain the Thaumaturge (level 6, -1/32 HPs)
             Began as a Deep Elf Conjurer on Feb 4, 2017.
             Was a Believer of Vehumet.
             Slain by a worker ant (7 damage)
             ... in the Dungeon (Sprint VI: "Thunderdome").
             The game lasted 00:05:41 (254 turns).

TryAgain the Thaumaturge (Deep Elf Conjurer)         Turns: 254, Time: 00:05:42

Health: -1/32      AC:  3    Str:  6    XL:     6   Next: 54%
Magic:  18/20      EV: 18    Int: 21    God:    Vehumet [**....]
Gold:   21         SH:  0    Dex: 15    Spells: 7 memorised, 4 levels left

rFire  . . .     SeeInvis .     n - +0 scythe
rCold  + . .     Gourm    .     p - +1 robe "Qyisiz" {rC+ MR+}
rNeg   . . .     Faith    .     (shield currently unavailable)
rPois  .         Spirit   .     (no helmet)
rElec  .         Reflect  .     (no cloak)
rCorr  .         Harm     .     (no gloves)
MR     +....     NoTele   +     (no boots)
Stlth  ++++......               (no amulet)
                                (no ring)
                                (no ring)

@: lethally poisoned (-1 -> -10)
A: no striking features
a: Renounce Religion


You were in the Dungeon.
You worshipped Vehumet.
Vehumet was pleased with you.
You were not hungry.

You visited 1 branch You collected 220 gold pieces.
You spent 199 gold pieces at shops.

Inventory:

Hand Weapons
 n - a +0 scythe (weapon)
Armour
 p - the +1 robe "Qyisiz" (worn) {rC+ MR+}
   (You bought it in a shop in the Dungeon)

   It protects you from cold.
   It affects your resistance to hostile enchantments.
Wands
 j - a wand of acid (0/15)
 k - a wand of iceblast (0/15)
Scrolls
 i - 2 scrolls of blinking
 l - 3 scrolls of fog
Potions
 d - a potion of curing
 e - 4 potions of heal wounds
 f - 4 potions of haste
 g - a potion of magic
 h - a potion of berserk rage
 m - a potion of resistance
Books
 b - a book of Conjurations

   Spells                             Type                      Level
   a - Magic Dart                     Conjuration                  1
   b - Searing Ray                    Conjuration                  2
   c - Dazzling Spray                 Conjuration/Hexes            3
   d - Fulminant Prism                Conjuration/Hexes            4
   e - Iskenderun's Mystic Blast      Conjuration                  4
   f - Iskenderun's Battlesphere      Conjuration/Charms           5
Comestibles
 c - a bread ration
 o - a chunk of flesh


   Skills:
 + Level 8.9 Dodging
 + Level 9.3 Stealth
 + Level 9.6 Spellcasting
 + Level 8.9 Conjurations
 + Level 1.1 Hexes
 + Level 1.3 Charms


You had 4 spell levels left.
You knew the following spells:

 Your Spells              Type           Power        Failure   Level  Hunger
a - Magic Dart            Conj           ####         1%          1    None
b - Fulminant Prism       Conj/Hex       ####......   10%         4    ##.....
c - Iskenderun's Battles  Conj/Chrm      ####....     24%         5    ####...
d - Iskenderun's Mystic   Conj           #####...     1%          4    ##.....
e - Dazzling Spray        Conj/Hex       ####..       2%          3    None
f - Searing Ray           Conj           #####.       1%          2    None
g - Sandblast             Erth           ##....       10%         1    None


Dungeon Overview and Level Annotations

Branches:
Dungeon (1/1)

Altars:
Cheibriados
Dithmenos
Fedhas
Gozag
Kikubaaqudgha
Makhleb
Okawaru
Qazlal
Ru
Sif Muna
Trog
Uskayaw
Vehumet
Xom
Yredelemnul
Zin
The Shining One
Beogh
Jiyva
Lugonu

Shops:
D *[%??*?*:[((!!!!


Message History

You don't know that spell.
Evoke which item? (* to show all) (? for menu, Esc to quit)
Okay, then.
Magic courses through your body. The soldier ant barely misses you.
The worker ant misses you. The worker ant misses you.
Casting: Searing Ray
Confirm with . or Enter, or press ? or * to list all spells.
Aiming: Searing Ray
Press: ? - help, Shift-Dir - straight line, f/p - worker ant
Aim: a worker ant (almost dead)
The searing ray misses the worker ant. (Press . to maintain the ray.)
The worker ant twitches its antennae in your direction.
The worker ant bites you!
* * * LOW HITPOINT WARNING * * *
You are lethally poisoned!
The worker ant poisons you! The soldier ant misses you.
The worker ant bites you!
You die...

#_......._# #_......._#
#........_#
###.........###
#⌠...........⌠#
###.8.........8.######
__......###......_._∩##
......8.# #.8..a)....∩###
........###....a@.......##
.....###...###..........⌠#
...a.# #.<.# #[..a......⌠#
.....###...###..........⌠#
........###.............##
......8.# #.8........∩###
__......###......___∩##
###.8.........8.######
#⌠...........⌠#


You could see a soldier ant and 2 worker ants.

Vanquished Creatures
  Sigmund (D)
  2 ogres (D)
  Terence (D)
  A worker ant (D)
  An adder (D)
  A quokka (D)
7 creatures vanquished.

Notes
Turn   | Place    | Note
-------+----------+-------------------------------------------
     0 | D        | TryAgain the Deep Elf Conjurer began the quest for the Orb.
     0 | D        | Reached XP level 1. HP: 10/10 MP: 6/6
     1 | D        | Found an ancient bone altar of Kikubaaqudgha.
     2 | D        | Found a glowing golden altar of the Shining One.
     2 | D        | Found a basalt altar of Yredelemnul.
     3 | D        | Found a snail-covered altar of Cheibriados.
     3 | D        | Found a blossoming altar of Fedhas.
     4 | D        | Found a sacrificial altar of Ru.
     4 | D        | Found a viscous altar of Jiyva.
     4 | D        | Found Qoejaac's Magic Scroll Shop.
     4 | D        | Found Joaruyruity's Staff Store.
     5 | D        | Found Bocluur's Magic Scroll Shop.
     5 | D        | Found Daaloerr's Must-Have Magic.
     5 | D        | Round 1.
     7 | D        | Found a roughly hewn altar of Beogh.
     8 | D        | Found Jebiv's Bee Food.
     9 | D        | Found Xiroror's Jewellery.
     9 | D        | Found Nenky's Advanced Armour.
     9 | D        | Found a burning altar of Makhleb.
     9 | D        | Found an iron altar of Okawaru.
     9 | D        | Found Fyuskues's Identification Station.
    13 | D        | Found a deep blue altar of Sif Muna.
    14 | D        | Found a stormy altar of Qazlal.
    16 | D        | Found Umahuxan's Premium Goods.
    17 | D        | Found an opulent altar of Gozag.
    17 | D        | Found a shimmering altar of Xom.
    17 | D        | Found a glowing silver altar of Zin.
    17 | D        | Found Kex Kog's Weapon Rack.
    17 | D        | Found Ninymeux's Miscellaneous Merchandise.
    17 | D        | Found Nyxawk's Basic Armour.
    21 | D        | Found a radiant altar of Vehumet.
    22 | D        | Found a corrupted altar of Lugonu.
    23 | D        | Found a hide-covered altar of Uskayaw.
    24 | D        | Found Kusm's Do-It-Yourself Clinic.
    25 | D        | Found Manah's Bottled Wisdom.
    25 | D        | Found Deirai Cuhos's Distillery.
    25 | D        | Found a bloodstained altar of Trog.
    25 | D        | Found a shadowy altar of Dithmenos.
    25 | D        | Found Omi Upepivu's Distillery.
    27 | D        | Noticed Sigmund
    29 | D        | Became a worshipper of Vehumet
    35 | D        | Killed Sigmund
    35 | D        | Reached XP level 2. HP: 9/15 MP: 6/12
    35 | D        | Reached XP level 3. HP: 11/19 MP: 7/14
    35 | D        | Reached XP level 4. HP: 14/24 MP: 7/15
    35 | D        | Reached XP level 5. HP: 16/28 MP: 7/17
    56 | D        | Noticed an ogre
    83 | D        | Noticed Terence
    90 | D        | Killed Terence
    90 | D        | Reached * piety under Vehumet
    90 | D        | Offered knowledge of Sandblast by Vehumet.
    90 | D        | Killed an ogre
    90 | D        | Reached XP level 6. HP: 13/32 MP: 10/19
   140 | D        | Reached ** piety under Vehumet
   140 | D        | Arena points: 14 (+14) [x2]
   171 | D        | Round 2.
   174 | D        | Bought a warped robe for 199 gold pieces
   184 | D        | Identified the +1 robe "Qyisiz" {rC+ MR+} (You bought it in a shop in the Dungeon)
   207 | D        | Learned a level 4 spell: Fulminant Prism
   213 | D        | Learned a level 5 spell: Iskenderun's Battlesphere
   218 | D        | Learned a level 4 spell: Iskenderun's Mystic Blast
   222 | D        | Learned a level 3 spell: Dazzling Spray
   225 | D        | Learned a level 2 spell: Searing Ray
   227 | D        | Learned a level 1 spell: Sandblast
   234 | D        | Offered knowledge of Sting by Vehumet.
   234 | D        | Reached skill level 1 in Hexes
   234 | D        | Reached skill level 1 in Charms
   239 | D        | Noticed a soldier ant
   254 | D        | Slain by a worker ant

Skill      XL: |  1  2  3  4  5  6 |
---------------+-------------------+-----
Dodging        | 6 8 |  8.9
Stealth        | 7 8 9 |  9.3
Spellcasting   | 7 8 9 |  9.6
Conjurations   | 7 8 |  8.9
Hexes          | 1 |  1.1
Charms         | 1 |  1.3

Action                   |  1- 3 |  4- 6 || total
-------------------------+-------+-------++-------
Melee: Scythe            |       |     3 ||     3
 Cast: Magic Dart        |       |    13 ||    13
       Searing Ray       |       |    11 ||    11
Evoke: Wand              |     4 |     6 ||    10
  Use: Scroll            |       |     2 ||     2
       Potion            |       |     1 ||     1
Armor: Robe              |       |     1 ||     1
Dodge: Dodged            |       |    23 ||    23
